 Dungeon Crawl Stone Soup version 0.25.1-2-g60ff931 (webtiles) character file.

Game seed: 7343202137005191465

77 DarkinPup the Slasher (level 4, -5/35 HPs)
             Began as a Demonspawn Gladiator on Aug 9, 2020.
             Slain by a centaur (7 damage)
             ... on level 3 of the Dungeon.
             The game lasted 00:02:37 (1963 turns).

DarkinPup the Slasher (Demonspawn Gladiator)        Turns: 1963, Time: 00:02:38

Health: -5/35      AC:  6    Str: 16    XL:     4   Next: 13%
Magic:  4/4        EV: 12    Int:  9    God:
Gold:   116        SH:  3    Dex: 14    Spells: 3/3 levels left

rFire    . . .     SeeInvis .   a - +0 long sword
rCold    . . .     Gourm    .   p - +0 buckler
rNeg     . . .     Faith    .   b - +0 leather armour
rPois    .         Spirit   .   (helmet restricted)
rElec    .         Reflect  .   (no cloak)
rCorr    .         Harm     .   (no gloves)
MR       .....                  o - +2 pair of boots {run}
Stlth    ++........             (no amulet)
HPRegen  0.11/turn              i - ring of stealth
MPRegen  0.09/turn              (no ring)

@: quick
A: horns 1, powered by pain 1
a: no special abilities


You were on level 3 of the Dungeon.
You were not hungry.

You visited 1 branch of the dungeon, and saw 3 of its levels.

You collected 116 gold pieces.

Inventory:

Hand Weapons
 a - a +0 long sword (weapon)
Missiles
 d - 3 throwing nets (quivered)
Armour
 b - a +0 leather armour (worn)
 c - a +0 helmet
 n - a +0 tower shield
 o - a +2 pair of boots of running (worn)
 p - a +0 buckler (worn)
 t - a +0 chain mail
Jewellery
 i - a ring of stealth (left hand)
Scrolls
 e - 4 scrolls of identify {unknown}
 g - 2 scrolls of remove curse {unknown}
 h - 5 scrolls of teleportation {unknown}
 j - 2 scrolls of enchant weapon {unknown}
 l - 3 scrolls of enchant armour {unknown}
Potions
 k - 3 potions of curing {unknown}
 m - a potion of haste {unknown}
 q - a potion of cancellation {unknown}
 r - a potion of heal wounds {unknown}
Comestibles
 f - 5 rations


   Skills:
 * Level 3.1 Fighting
 * Level 3.4 Long Blades
 - Level 1.7 Throwing
 + Level 0.1 Armour
 + Level 3.1 Dodging
 + Level 0.3 Shields


You had 3 spell levels left.
You didn't know any spells.
Your spell library was empty.

Dungeon Overview and Level Annotations

Branches:
Dungeon (3/15)

Altars:
Uskayaw


Innate Abilities, Weirdness & Mutations

You have a pair of small horns on your head.
You sometimes gain a little power by taking damage.


Message History

You closely miss the goblin.
The goblin is severely wounded.
The centaur shoots an arrow.
The arrow hits you. The goblin closely misses you.
The centaur shoots an arrow.
The arrow barely misses you.
You closely miss the goblin.
The goblin is severely wounded.
The centaur shoots an arrow.
The arrow hits you. The goblin closely misses you.
You slash the goblin!
You kill the goblin!
The centaur shoots an arrow.
The arrow barely misses you.
The centaur shoots an arrow.
The arrow hits you.
The centaur shoots an arrow.
The arrow closely misses you.
The arrow hits the ball python.
The ball python dies!
You see here a murky golden potion.
The centaur shoots an arrow.
The arrow hits you!
* * * LOW HITPOINT WARNING * * *
You see here an arrow.
The centaur unwields a +0 shortbow.
The centaur hits you!
You die...

#.....#######.... #.#####
#.... ##.# #######..##
###..# ...........
####...## ........###
.##.....######..#####.#..
?.........!()...# #...#
......)..(####.....##..#
.......c@.# ####.....
..?.......# . ..........#
..........# ..........#
....>....## ##.....##
######


You could see a centaur.

Vanquished Creatures
  3 adders
  An adder skeleton (D:3)
  3 dart slugs
  A leopard gecko (D:3)
  6 orcs (D:3)
  3 bats
  4 goblins
  3 hobgoblins (D:2)
  2 jackals (D:2)
  4 kobolds
  A ball python (D:1)
  3 frilled lizards
34 creatures vanquished.

Vanquished Creatures (others)
  A ball python (D:3)
1 creature vanquished.

Grand Total: 35 creatures vanquished

Notes
Turn   | Place    | Note
-------+----------+-------------------------------------------
     0 | D:1      | DarkinPup the Demonspawn Gladiator began the quest for the
                  | Orb.
     0 | D:1      | Reached XP level 1. HP: 16/16 MP: 1/1
   386 | D:1      | Gained mutation: You sometimes gain a little power by
                  | taking damage. [demonic ancestry]
   386 | D:1      | Reached XP level 2. HP: 21/22 MP: 2/2
   767 | D:2      | Reached XP level 3. HP: 19/28 MP: 3/3
  1224 | D:2      | Found a faded altar of an unknown god.
  1325 | D:2      | Identified a +2 pair of boots of running (You found it on
                  | level 2 of the Dungeon)
  1679 | D:3      | Found a hide-covered altar of Uskayaw.
  1694 | D:3      | Gained mutation: You have a pair of small horns on your
                  | head. [demonic ancestry]
  1694 | D:3      | Reached XP level 4. HP: 18/35 MP: 4/4
  1942 | D:3      | Noticed a centaur
  1963 | D:3      | Slain by a centaur

Illustrated notes

Levels and vault maps discovered:
D:1:      minmay_arrival_widening_spiral_wide, layout_loops_cross
D:2:      layout_rooms, chequers_ecumenical_altar_simple_redux
D:3:      layout_rooms, overflow_temple_1_default

Skill      XL: |  1  2  3 |
---------------+----------+-----
Long Blades    | 3 |  3.4
Dodging        | 3 |  3.1
Fighting       | 3 |  3.1
Throwing       | |  1.7
Armour         | |  0.1
Shields        | |  0.3

Action                   |  1- 3 |  4- 6 || total
-------------------------+-------+-------++-------
Melee: Long sword        |    90 |    14 ||   104
 Stab: Sleeping          |     3 |       ||     3
  Eat: Chunk             |     2 |     1 ||     3
Armor: Leather armour    |    39 |     4 ||    43
Dodge: Dodged            |    86 |    11 ||    97
Block: Buckler           |     7 |     3 ||    10
       Rpst.: Long sword |    30 |     2 ||    32
